General information
- name: BNet
- type: Ladder team game (AT/RT)
- host: Battle.net
- saver: TheNumber1-B
map: Mur'gulOasis
- players: 8
- length: 32:10
- speed: Fast
- version: 1.23 W3XP
- replay type: Public
» download(246 KB)
Players
team 1 (winner)

»
nObOdy_knOws (
blue | 83 APM | 2678 actions | 32:09)
7 Tauren Chieftain
3 Endurance Aura
3 War Stomp
1 Reincarnation
3 Shadow Hunter
1 Hex
2 Healing Wave
» actions
| Assign group hotkey | 28 | |
| Basic commands | 147 | |
| Build / train | 99 | |
| Enter build submenu | 18 | |
| Enter hero's abilities submenu | 10 | |
| Remove unit from queue | 13 | |
| Right click | 1025 | |
| Select / deselect | 424 | |
| Select group hotkey | 825 | |
| Use ability | 88 | |
2678 total
» units
| Peon | 14 | |
| Grunt | 6 | |
| Shaman | 10 | |
| Tauren | 11 | |
| Peasant | 4 | |
| Priest | -1 | |
| Sorceress | 1 | |
| Spell Breaker | 3 | |
| Mortar Team | 2 | |
| Dragonhawk Rider | 1 | |
51 total
» upgrades
| Melee Weapons | 3 | |
| Shaman Training | 2 | |
| Pulverize | 1 | |
| Armor | 2 | |
| Lumber Harvesting | 1 | |
| Fragmentation Shards | 1 | |
10 total
» buildings
| Altar of Storms | 1 | |
| Orc Burrow | 7 | |
| Barracks | 1 | |
| Voodoo Lounge | 1 | |
| Stronghold | 1 | |
| War Mill | 1 | |
| Fortress | 1 | |
| Spirit Lodge | 1 | |
| Tauren Totem | 2 | |
| Arcane Sanctum | 1 | |
| Workshop | 1 | |
18 total
» build order
00:04 Altar of Storms
00:05 Orc Burrow
01:03 Barracks
01:33 Orc Burrow
01:46 Orc Burrow
03:10 Voodoo Lounge
04:03 Stronghold
04:34 War Mill
06:07 Orc Burrow
06:08 Orc Burrow
06:28 Fortress
06:29 Spirit Lodge
08:53 Tauren Totem
08:54 Tauren Totem
10:05 Orc Burrow
10:05 Orc Burrow
19:28 Arcane Sanctum
20:15 Workshop
» items
| Healing Salve | 2 | |
| Scroll of Town Portal | 3 | |
| Orb of Lightning | 1 | |
6 total

»
TheNumber1-B (
pink | 109 APM | 3505 actions | 32:10)
8 Death Knight
3 Death Coil
3 Unholy Aura
1 Animate Dead
1 Death Pact
7 Lich
3 Frost Nova
3 Frost Armor
1 Death and Decay
4 Crypt Lord
2 Impale
2 Spiked Carapace
» actions
| Assign group hotkey | 108 | |
| Basic commands | 79 | |
| Build / train | 93 | |
| ESC pressed | 2 | |
| Enter build submenu | 26 | |
| Enter hero's abilities submenu | 19 | |
| Give item / drop item | 1 | |
| Right click | 1539 | |
| Select / deselect | 321 | |
| Select group hotkey | 1197 | |
| Use ability | 120 | |
3505 total
» units
| Acolyte | 2 | |
| Ghoul | 7 | |
| Crypt Fiend | 18 | |
| Obsidian Statue | 7 | |
| Frost Wyrm | 10 | |
| Gryphon Rider | 2 | |
46 total
» upgrades
| Creature Attack | 3 | |
| Creature Carapace | 2 | |
| Freezing Breath | 1 | |
6 total
» buildings
| Crypt | 1 | |
| Ziggurat | 7 | |
| Graveyard | 1 | |
| Altar of Darkness | 2 | |
| Tomb of Relics | 3 | |
| Halls of the Dead | 1 | |
| Black Citadel | 1 | |
| Slaughterhouse | 1 | |
| Nerubian Tower | 1 | |
| Spirit Tower | 2 | |
| Sacrificial Pit | 1 | |
| Boneyard | 1 | |
| Altar of Kings | 1 | |
| Farm | 2 | |
| Necropolis | 1 | |
26 total
» build order
00:06 Crypt
00:10 Ziggurat
00:38 Graveyard
00:57 Altar of Darkness
01:25 Ziggurat
02:13 Tomb of Relics
03:43 Halls of the Dead
04:19 Ziggurat
06:21 Black Citadel
07:13 Slaughterhouse
07:46 Nerubian Tower
07:48 Spirit Tower
08:40 Tomb of Relics
08:44 Sacrificial Pit
08:46 Ziggurat
08:48 Ziggurat
10:09 Boneyard
10:44 Tomb of Relics
17:02 Ziggurat
17:02 Ziggurat
20:29 Altar of Darkness
21:16 Altar of Kings
21:55 Farm
21:56 Farm
22:52 Spirit Tower
25:45 Necropolis
» items
| Rod of Necromancy | 2 | |
| Orb of Corruption | 1 | |
| Scroll of Town Portal | 3 | |
| Potion of Healing | 1 | |
| Potion of Lesser Invulnerability | 1 | |
| Scroll of Healing | 1 | |
9 total
ijoinandleave (
purple | 69 APM | 992 actions | 14:17)
3 Mountain King
2 Storm Bolt
1 Bash
» actions
| Assign group hotkey | 14 | |
| Basic commands | 76 | |
| Build / train | 43 | |
| Enter build submenu | 16 | |
| Enter hero's abilities submenu | 3 | |
| Right click | 289 | |
| Select / deselect | 228 | |
| Select group hotkey | 285 | |
| Use ability | 38 | |
992 total
» units
| Peasant | 10 | |
| Footman | 3 | |
| Dragonhawk Rider | 1 | |
| Gryphon Rider | 2 | |
| Priest | 2 | |
| Knight | 3 | |
21 total
» upgrades
| Swords | 3 | |
| Lumber Harvesting | 1 | |
| Defend | 1 | |
| Priest Training | 2 | |
| Animal War Training | 1 | |
| Storm Hammers | 1 | |
9 total
» buildings
| Altar of Kings | 1 | |
| Farm | 7 | |
| Barracks | 2 | |
| Keep | 1 | |
| Arcane Vault | 1 | |
| Blacksmith | 1 | |
| Lumber Mill | 1 | |
| Castle | 1 | |
| Gryphon Aviary | 2 | |
| Arcane Sanctum | 1 | |
18 total
» build order
00:13 Altar of Kings
00:15 Farm
00:51 Barracks
00:54 Barracks
01:07 Farm
01:53 Farm
01:56 Farm
02:36 Farm
02:51 Keep
03:12 Arcane Vault
03:50 Blacksmith
03:55 Lumber Mill
04:18 Farm
04:22 Farm
05:47 Castle
05:52 Gryphon Aviary
05:55 Gryphon Aviary
07:19 Arcane Sanctum
» items
| Scroll of Regeneration | 3 | |
| Mechanical Critter | 1 | |
| Scroll of Town Portal | 2 | |
6 total
ESCAPEinTHeFoG (
teal | 53 APM | 1703 actions | 32:09)
6 Death Knight
3 Death Coil
2 Unholy Aura
1 Animate Dead
3 Dreadlord
2 Sleep
1 Vampiric Aura
» actions
| Assign group hotkey | 76 | |
| Basic commands | 51 | |
| Build / train | 55 | |
| Enter build submenu | 22 | |
| Enter hero's abilities submenu | 11 | |
| Right click | 942 | |
| Select / deselect | 356 | |
| Select group hotkey | 101 | |
| Use ability | 89 | |
1703 total
» units
| Acolyte | 2 | |
| Ghoul | 3 | |
| Crypt Fiend | 12 | |
| Banshee | 5 | |
| Gryphon Rider | 1 | |
23 total
» upgrades
| Creature Attack | 3 | |
| Creature Carapace | 3 | |
| Burrow | 1 | |
| Web | 1 | |
| Banshee Training | 1 | |
9 total
» buildings
| Crypt | 2 | |
| Altar of Darkness | 1 | |
| Ziggurat | 9 | |
| Graveyard | 1 | |
| Halls of the Dead | 1 | |
| Tomb of Relics | 1 | |
| Black Citadel | 1 | |
| Sacrificial Pit | 1 | |
| Temple of the Damned | 1 | |
18 total
» build order
00:11 Crypt
00:16 Altar of Darkness
00:37 Ziggurat
01:08 Crypt
01:52 Ziggurat
02:03 Ziggurat
02:22 Graveyard
03:39 Ziggurat
06:49 Ziggurat
06:51 Halls of the Dead
07:03 Tomb of Relics
07:07 Ziggurat
10:57 Black Citadel
16:09 Ziggurat
16:12 Sacrificial Pit
19:50 Temple of the Damned
28:36 Ziggurat
28:37 Ziggurat
» items
| Scroll of Town Portal | 4 | |
| Scroll of Regeneration | 2 | |
| Potion of Healing | 3 | |
9 total
team 2 (loser)
0MG_iM_T00_G00D (
red | 57 APM | 1780 actions | 31:10)
6 Death Knight
3 Death Coil
2 Unholy Aura
1 Animate Dead
6 Lich
3 Frost Nova
2 Frost Armor
1 Death and Decay
» actions
| Assign group hotkey | 18 | |
| Basic commands | 27 | |
| Build / train | 62 | |
| ESC pressed | 2 | |
| Enter build submenu | 21 | |
| Enter hero's abilities submenu | 12 | |
| Right click | 1008 | |
| Select / deselect | 281 | |
| Select group hotkey | 246 | |
| Use ability | 103 | |
1780 total
» units
| Acolyte | 3 | |
| Ghoul | 3 | |
| Crypt Fiend | 17 | |
| Frost Wyrm | 6 | |
29 total
» upgrades
| Creature Attack | 3 | |
| Creature Carapace | 4 | |
| Web | 1 | |
| Freezing Breath | 1 | |
9 total
» buildings
| Crypt | 1 | |
| Graveyard | 1 | |
| Ziggurat | 9 | |
| Altar of Darkness | 1 | |
| Nerubian Tower | 1 | |
| Halls of the Dead | 1 | |
| Sacrificial Pit | 1 | |
| Tomb of Relics | 1 | |
| Black Citadel | 1 | |
| Boneyard | 2 | |
| Necropolis | 1 | |
20 total
» build order
00:18 Crypt
00:22 Graveyard
00:49 Ziggurat
01:07 Altar of Darkness
01:58 Ziggurat
02:54 Ziggurat
03:05 Nerubian Tower
05:04 Halls of the Dead
05:35 Ziggurat
08:38 Sacrificial Pit
08:42 Ziggurat
08:44 Ziggurat
08:53 Tomb of Relics
10:17 Black Citadel
12:39 Boneyard
12:40 Boneyard
14:42 Ziggurat
14:44 Ziggurat
14:46 Ziggurat
23:10 Necropolis
» items
| Scroll of Town Portal | 3 | |
| Potion of Healing | 1 | |
| Potion of Lesser Invulnerability | 1 | |
| Scroll of Healing | 1 | |
| Orb of Corruption | 1 | |
7 total
ClaireRedfield1 (
orange | 33 APM | 1062 actions | 32:03)
4 Warden
1 Shadow Strike
2 Fan of Knives
1 Blink
» actions
| Build / train | 75 | |
| Enter build submenu | 17 | |
| Enter hero's abilities submenu | 4 | |
| Remove unit from queue | 6 | |
| Right click | 379 | |
| Select / deselect | 512 | |
| Use ability | 69 | |
1062 total
» units
| Wisp | 13 | |
| Huntress | 23 | |
| Druid of the Claw | 14 | |
50 total
» upgrades
| Strength of the Moon | 2 | |
| Moon Armor | 1 | |
| Strength of the Wild | 2 | |
| Druid of the Claw Training | 2 | |
| Reinforced Hides | 2 | |
| Mark of the Claw | 1 | |
| Upgrade Moon Glaive | 1 | |
11 total
» buildings
| Moon Well | 7 | |
| Altar of Elders | 1 | |
| Hunter's Hall | 1 | |
| Ancient of War | 1 | |
| Ancient of Wonders | 1 | |
| Tree of Ages | 1 | |
| Ancient of Lore | 4 | |
| Tree of Eternity | 1 | |
17 total
» build order
00:08 Moon Well
00:28 Altar of Elders
01:26 Hunter's Hall
01:52 Ancient of War
02:09 Moon Well
03:00 Moon Well
03:26 Ancient of Wonders
03:48 Tree of Ages
04:33 Moon Well
06:22 Ancient of Lore
06:25 Ancient of Lore
08:44 Tree of Eternity
08:48 Moon Well
10:10 Moon Well
11:56 Moon Well
18:44 Ancient of Lore
18:47 Ancient of Lore
» items

»
CanaBlasted (
yellow | 38 APM | 1181 actions | 30:57)
6 Priestess of the Moon
2 Searing Arrows
3 Trueshot Aura
1 Starfall
3 Keeper of the Grove
1 Entangling Roots
2 Thorns Aura
» actions
| Assign group hotkey | 4 | |
| Basic commands | 90 | |
| Build / train | 92 | |
| Enter build submenu | 15 | |
| Enter hero's abilities submenu | 9 | |
| Remove unit from queue | 5 | |
| Right click | 425 | |
| Select / deselect | 445 | |
| Select group hotkey | 26 | |
| Use ability | 70 | |
1181 total
» units
| Wisp | 12 | |
| Archer | 21 | |
| Druid of the Talon | 13 | |
| Dryad | 9 | |
| Druid of the Claw | 4 | |
59 total
» upgrades
| Strength of the Wild | 3 | |
| Reinforced Hides | 1 | |
| Strength of the Moon | 2 | |
| Improved Bows | 1 | |
| Druid of the Talon Training | 2 | |
| Abolish Magic | 1 | |
| Marksmanship | 1 | |
| Druid of the Claw Training | 2 | |
| Mark of the Claw | 1 | |
14 total
» buildings
| Altar of Elders | 1 | |
| Moon Well | 6 | |
| Ancient of War | 1 | |
| Tree of Ages | 1 | |
| Hunter's Hall | 2 | |
| Ancient of Wonders | 1 | |
| Ancient of Lore | 2 | |
| Ancient of Wind | 1 | |
| Tree of Eternity | 1 | |
16 total
» build order
00:09 Altar of Elders
00:17 Moon Well
01:07 Ancient of War
01:41 Moon Well
02:19 Moon Well
03:09 Tree of Ages
04:03 Hunter's Hall
04:06 Hunter's Hall
04:11 Ancient of Wonders
04:54 Moon Well
06:22 Ancient of Lore
06:26 Ancient of Wind
07:27 Moon Well
07:28 Moon Well
10:10 Tree of Eternity
19:21 Ancient of Lore
» items
oohohoodfdf (
green | 78 APM | 2507 actions | 32:08)
5 Firelord
3 Summon Lava Spawn
2 Soul Burn
5 Dark Ranger
3 Black Arrow
2 Silence
» actions
| Assign group hotkey | 61 | |
| Basic commands | 158 | |
| Build / train | 74 | |
| ESC pressed | 1 | |
| Enter build submenu | 23 | |
| Enter hero's abilities submenu | 10 | |
| Right click | 1161 | |
| Select / deselect | 648 | |
| Select group hotkey | 213 | |
| Use ability | 158 | |
2507 total
» units
| Wisp | 18 | |
| Archer | 5 | |
| Glaive Thrower | 3 | |
| Faerie Dragon | 7 | |
| Chimaera | 3 | |
| Hippogryph | 1 | |
37 total
» upgrades
| Ultravision | 1 | |
| Improved Bows | 1 | |
| Vorpal Blades | 1 | |
| Strength of the Wild | 3 | |
| Reinforced Hides | 3 | |
| Corrosive Breath | 1 | |
| Well Spring | 1 | |
11 total
» buildings
| Moon Well | 6 | |
| Ancient of War | 2 | |
| Altar of Elders | 1 | |
| Ancient of Wonders | 2 | |
| Tree of Ages | 1 | |
| Hunter's Hall | 1 | |
| Ancient Protector | 2 | |
| Ancient of Wind | 2 | |
| Tree of Eternity | 1 | |
| Chimaera Roost | 3 | |
21 total
» build order
00:09 Moon Well
00:35 Ancient of War
00:49 Altar of Elders
01:48 Moon Well
02:33 Ancient of Wonders
02:35 Ancient of War
03:18 Tree of Ages
03:45 Moon Well
04:04 Hunter's Hall
04:17 Ancient of Wonders
04:39 Moon Well
05:56 Ancient Protector
06:12 Ancient Protector
08:42 Ancient of Wind
08:56 Ancient of Wind
11:41 Moon Well
11:47 Moon Well
14:44 Tree of Eternity
18:45 Chimaera Roost
19:06 Chimaera Roost
19:27 Chimaera Roost
» items
Chat log
(00:22 / Allies) ijoinandleave: knights hawks
(00:39 / Allies) nObOdy_knOws: grunts to taurens and shamans
(03:09 / All) ESCAPEinTHeFoG: your a reeal jerk red...for being so vain
(03:15 / All) 0MG_iM_T00_G00D: do i know you?
(03:49 / Allies) nObOdy_knOws: lol teal
(03:53 / Allies) nObOdy_knOws: that was random
(03:56 / Allies) ESCAPEinTHeFoG: lol
(04:09 / Allies) ESCAPEinTHeFoG: tryin to murder red
(04:15 / Allies) ESCAPEinTHeFoG: in dis shit son
(04:37 / Allies) ESCAPEinTHeFoG: i like wen sombody else goes feinds too
(04:47 / Allies) nObOdy_knOws: why
(04:49 / Allies) nObOdy_knOws: lol
(04:51 / Allies) ijoinandleave: i got hawks mainly
(04:53 / Allies) ijoinandleave: gryphs too
(05:00 / Allies) ESCAPEinTHeFoG: jus bcuz my feinds will tend to sruvive
(05:03 / Allies) ESCAPEinTHeFoG: n i can level
(05:10 / Allies) ESCAPEinTHeFoG: etc
(05:15 / Allies) TheNumber1-B: i me me mine
(05:25 / Allies) ESCAPEinTHeFoG: plus rite now u 2 melee so we good
(05:40 / Allies) ijoinandleave: get more wyrms thanf iends
(06:39 / Allies) TheNumber1-B: wood
(06:45 / Allies) ijoinandleave: teal
(06:47 / Allies) ijoinandleave: upgrade please
(07:25 / Allies) nObOdy_knOws: omw
(07:36 / Allies) ijoinandleave: get a heal scroll teal
(07:38 / Allies) TheNumber1-B: tp
(07:39 / Allies) TheNumber1-B: tp
(07:39 / Allies) TheNumber1-B: tp
(07:58 / Allies) ijoinandleave: defend gold
(08:02 / Allies) ijoinandleave: going
(08:53 / Allies) TheNumber1-B: gogo end it
(09:48 / Allies) ESCAPEinTHeFoG: b
(09:56 / Allies) ESCAPEinTHeFoG: need melee
(10:00 / Allies) ijoinandleave: tping
(10:18 / Allies) ijoinandleave: b teal
(10:52 / All) 0MG_iM_T00_G00D: gryphons purple
(10:52 / Allies) nObOdy_knOws: will tp with taurens
(10:53 / All) 0MG_iM_T00_G00D: 3 Ne 1 Ud
(10:55 / Allies) ijoinandleave: teal tp
(10:59 / All) 0MG_iM_T00_G00D: and u have gryhpons?
(11:02 / Allies) ESCAPEinTHeFoG: i will
(11:03 / Allies) nObOdy_knOws: teal, stop following me
(11:13 / Allies) nObOdy_knOws: will tp with tauren
(11:20 / Allies) ESCAPEinTHeFoG: ..
(11:25 / Allies) nObOdy_knOws: TEAL
(11:26 / Allies) nObOdy_knOws: TP
(11:29 / Allies) ESCAPEinTHeFoG: stfu
(12:36 / Allies) ijoinandleave: kill red come on
(12:55 / Allies) ESCAPEinTHeFoG: coil
(13:00 / Allies) ijoinandleave: kill red
(13:10 / Allies) ijoinandleave: dont go back
(13:12 / Allies) ijoinandleave: kill him
(13:19 / Allies) ijoinandleave: hes in my base
(13:30 / Allies) nObOdy_knOws: WHY GO BACK
(13:32 / Allies) nObOdy_knOws: YOU GUYS ARE FINE
(13:33 / Allies) ijoinandleave: teal you are bad
(13:35 / Allies) nObOdy_knOws: NOT DYING W HATSOEVER
(13:47 / Allies) ijoinandleave: "i like mass fiends"
(13:47 / Allies) nObOdy_knOws: teal, stop moving backwards
(13:48 / Allies) ESCAPEinTHeFoG: coil
(13:50 / Allies) nObOdy_knOws: just attack them
(13:58 / Allies) nObOdy_knOws: pink, heal teal's dk
(14:02 / Allies) nObOdy_knOws: JUST ATTACK
(14:02 / Allies) nObOdy_knOws: TEAL
(14:04 / Allies) nObOdy_knOws: JUST ATTACK
(14:13 / Allies) ijoinandleave: teal 2k gold
(14:24 / Allies) TheNumber1-B: wow
(14:25 / Allies) TheNumber1-B: u niggers
(14:38 / Allies) nObOdy_knOws: pink, tp
(14:41 / Allies) nObOdy_knOws: i am gonna tp too
(14:43 / Allies) ESCAPEinTHeFoG: fuk purp
(14:44 / Allies) TheNumber1-B: teal
(14:45 / Allies) TheNumber1-B: tp
(14:46 / Allies) TheNumber1-B: teal
(14:46 / Allies) TheNumber1-B: tp
(14:47 / Allies) ESCAPEinTHeFoG: weak ass air
(14:47 / Allies) TheNumber1-B: with me
(14:49 / Allies) TheNumber1-B: teal
(14:49 / Allies) TheNumber1-B: go
(14:54 / Allies) nObOdy_knOws: ALL TP NOW
(14:55 / Allies) nObOdy_knOws: NOW
(14:55 / Allies) nObOdy_knOws: NOW
(15:06 / Allies) ESCAPEinTHeFoG: go then
(15:07 / Allies) nObOdy_knOws: now
(15:08 / Allies) nObOdy_knOws: tp NOW
(15:11 / Allies) nObOdy_knOws: wtf are you waiting for?!
(15:17 / Allies) ESCAPEinTHeFoG: dk
(15:18 / Allies) ESCAPEinTHeFoG: dk
(15:33 / Allies) ESCAPEinTHeFoG: coil
(15:33 / Allies) nObOdy_knOws: STOP HERO FOCUS
(15:34 / Allies) nObOdy_knOws: STOP IOT
(15:38 / Allies) nObOdy_knOws: STOP HERO FOCUS FFS
(16:34 / Allies) nObOdy_knOws: TEAL, STOP THE HERO FOCUSING WITH FIENDS
(16:45 / Allies) ESCAPEinTHeFoG: oh blue u on this tema?
(16:48 / Allies) TheNumber1-B: teal give me wood
(17:52 / Allies) ESCAPEinTHeFoG: red
(18:19 / Allies) TheNumber1-B: i tped out
(18:21 / Allies) TheNumber1-B: couldnt lose my dk
(18:55 / Allies) nObOdy_knOws: GET READY TO TP AGAIN
(18:59 / Allies) nObOdy_knOws: to whomever
(19:48 / Allies) TheNumber1-B: teal wood me again
(20:52 / Allies) TheNumber1-B: teal why dont u go wyrm ?
(20:53 / Allies) ESCAPEinTHeFoG: purp hero?
(21:14 / Allies) nObOdy_knOws: pink, come back
(21:15 / Allies) ESCAPEinTHeFoG: not enuf gold
(21:17 / Allies) nObOdy_knOws: go together
(23:22 / Allies) ESCAPEinTHeFoG: ded
(23:43 / Allies) ESCAPEinTHeFoG: ok
(23:56 / Allies) ESCAPEinTHeFoG: coil plz
(23:57 / Allies) ESCAPEinTHeFoG: pink
(24:07 / Allies) ESCAPEinTHeFoG: cocoil me
(25:12 / Allies) nObOdy_knOws: counter and win NOW
(25:17 / Allies) nObOdy_knOws: our only chance
(25:47 / Allies) TheNumber1-B: expand
(26:41 / Allies) TheNumber1-B: they out of gold
(26:54 / Allies) nObOdy_knOws: so are we
(27:03 / Allies) TheNumber1-B: but we just won the last battle
(27:12 / Allies) nObOdy_knOws: that's why we needed win now
(27:18 / Allies) TheNumber1-B: we won bro
(27:56 / Allies) nObOdy_knOws: why tp?
(28:12 / Allies) ESCAPEinTHeFoG: gold for tp pplz
(28:14 / Allies) ESCAPEinTHeFoG: pink
(28:36 / Allies) nObOdy_knOws: we need to go together
(28:45 / Allies) ESCAPEinTHeFoG: fuk
(28:48 / Allies) ESCAPEinTHeFoG: 20 gold
(28:49 / Allies) ESCAPEinTHeFoG: plz
(28:57 / Allies) ESCAPEinTHeFoG: ty
(29:01 / Allies) nObOdy_knOws: teal, come with us
(29:05 / Allies) nObOdy_knOws: please us together please
(29:06 / Allies) nObOdy_knOws: PLEASE
(29:16 / Allies) ESCAPEinTHeFoG: can i git a tp plz?
(29:17 / Allies) nObOdy_knOws: pink, wait for teal
(29:19 / Allies) nObOdy_knOws: PLEESE
(30:31 / All) ESCAPEinTHeFoG: GG
(30:36 / All) 0MG_iM_T00_G00D: close game
(30:40 / All) 0MG_iM_T00_G00D: wish orange was playinh
(30:42 / All) 0MG_iM_T00_G00D: playing
(30:51 / All) CanaBlasted: orange plays like chinese
(31:03 / All) TheNumber1-B: ?
(31:04 / All) 0MG_iM_T00_G00D: Gg guys
(31:06 / All) TheNumber1-B: we play without purp
(31:08 / All) nObOdy_knOws: gg
(31:09 / All) 0MG_iM_T00_G00D: wish orange was playing but gg
(31:26 / All) ClaireRedfield1: for the record i was playing but when red tps out without saying anything all my units are going to die
(32:08 / All) oohohoodfdf: gg